 Dungeon Crawl Stone Soup version 0.29.1-15-g9cfb28693d (webtiles) character file.

Game seed: 16833954159346987393

100 protoss039 the Digger (level 4, -1/33 HPs)
             Began as a Demonspawn Earth Elementalist on Mar 12, 2023.
             Slain by Crazy Yiuf
             ... wielding a +4 quarterstaff of chaos
              (2 damage)
             ... on level 2 of the Dungeon.
             The game lasted 00:02:04 (1705 turns).

protoss039 the Digger (DsEE)                        Turns: 1705, Time: 00:02:05

Health: -1/33      AC:  5    Str:  9    XL:     4   Next: 47%
Magic:  5/8        EV: 11    Int: 18    God:
Gold:   103        SH:  0    Dex: 13    Spells: 6/9 levels left

rFire   . . .      SeeInvis .   n - +6 hand axe (vorpal)
rCold   . . .      Faith    .   (no shield)
rNeg    . . .      Spirit   .   f - +0 leather armour
rPois   .          Reflect  .   l - +0 helmet
rElec   .          Harm     .   a - +0 cloak {Will+}
rCorr   .          Rampage  .   (no gloves)
Will    +....                   (no boots)
Stlth   ++........              (no amulet)
HPRegen 0.11/turn               (no ring)
MPRegen 0.11/turn               (no ring)

@: lethally poisoned (-1 -> -12)
A: spiny 2, demonic touch 1
a: no special abilities


You were on level 2 of the Dungeon.
You visited 1 branch of the dungeon, and saw 2 of its levels.

You collected 103 gold pieces.

Inventory:

Hand Weapons
 k - a +1 dagger of electrocution
 n - a +6 vorpal hand axe (weapon)
Armour
 a - a +0 cloak of willpower (worn)
 f - a +0 leather armour (worn)
 l - a +0 helmet (worn)
 m - a +0 ring mail
Jewellery
 e - a +4 ring of evasion
Scrolls
 h - 3 scrolls of identify {unknown}
 i - 3 scrolls of teleportation {unknown}
 j - a scroll of poison {unknown}
 o - a scroll of butterflies {unknown}
Potions
 b - a potion of magic
 c - 2 potions of resistance {unknown}
 d - a potion of flight {unknown}
 g - a potion of degeneration {unknown}


   Skills:
 + Level 2.2 Fighting
 - Level 1.7 Dodging
 - Level 1.7 Stealth
 + Level 3.0 Spellcasting
 - Level 0.8 Transmutations
 + Level 3.5 Earth Magic


You had 6 spell levels left.
You knew the following spells:

 Your Spells              Type           Power      Damage    Failure   Level
a - Sandblast             Erth           30%        2d9       5%          1
b - Passwall              Tmut/Erth      8%         N/A       14%         2

Your spell library contained the following spells:

 Spells                   Type           Power      Damage    Failure   Level
 Necrotise                Necr           8%         1d4       22%         1
 Stone Arrow              Conj/Erth      18%        3d8       32%         3
 Gell's Gravitas          Tloc           2%         N/A       56%         3
 Teleport Other           Tloc           2%         N/A       56%         3
 Vampiric Draining        Necr           2%         2d6       56%         3
 Petrify                  Tmut/Erth      10%        N/A       67%         4
 Agony                    Necr           2%         N/A       99%         5
 Dispersal                Tloc           1%         N/A       100%        6


Dungeon Overview and Level Annotations

Branches:
Dungeon (2/15) Zot: 10276

Altars:

Annotations:
D:2 Crazy Yiuf


Innate Abilities, Weirdness & Mutations

You are mostly covered in sharp spines.
Your touch may inflict minor irresistible damage on your foes.


Message History

Could not explore, unopened runed door.
No reachable target in view!
No reachable target in view!
Could not explore, unopened runed door.
No reachable target in view!
Could not explore, unopened runed door.
You open the door.
Crazy Yiuf laughs, "Cake!
Hah rumpyflump sanguine."
Crazy Yiuf says, "Crazy?
Crazy!?
PORCUPINE!"
Casting: Sandblast (safe; 5% risk of failure)
Confirm with . or Enter, or press ? or * to list all spells.
Aiming: Sandblast (safe; 5% risk of failure)
Press: ? - help, Shift-Dir - straight line, f - Crazy Yiuf
Aim: Crazy Yiuf, wielding a +4 quarterstaff of chaos and wearing a +0 cloak (84% to hit)
The blast of sand hits Crazy Yiuf!
Crazy Yiuf is severely wounded.
Crazy Yiuf hits you with a +4 quarterstaff of chaos!
Crazy Yiuf freezes you.
Casting: Sandblast (safe; 5% risk of failure)
Confirm with . or Enter, or press ? or * to list all spells.
Aiming: Sandblast (safe; 5% risk of failure)
Press: ? - help, Shift-Dir - straight line, f/p - Crazy Yiuf
Aim: Crazy Yiuf, wielding a +4 quarterstaff of chaos and wearing a +0 cloak (severely wounded, 84% to hit)
The blast of sand hits Crazy Yiuf but does no damage.
Crazy Yiuf is severely wounded.
Crazy Yiuf hits you with a +4 quarterstaff of chaos!
* * * LOW HITPOINT WARNING * * *
You are lethally poisoned!
Casting: Sandblast (safe; 5% risk of failure)
Confirm with . or Enter, or press ? or * to list all spells.
Aiming: Sandblast (safe; 5% risk of failure)
Press: ? - help, Shift-Dir - straight line, f/p - Crazy Yiuf
Aim: Crazy Yiuf, wielding a +4 quarterstaff of chaos and wearing a +0 cloak (severely wounded, 84% to hit)
The blast of sand hits Crazy Yiuf but does no damage.
Crazy Yiuf is severely wounded.
* * * LOW HITPOINT WARNING * * *
You feel very sick. Crazy Yiuf is struck by your spines.
Crazy Yiuf hits you with a +4 quarterstaff of chaos.
You die...

#######.#........
#.+........ #####
#.#........ #..)#
###.......# #...#
#.####### ... #.#
#'# #.# ##g# #.#
#@## #.# ##.# #.#
#.## #.# ##.##
#.# #...## ##.#
#....# #..#
#....# ##.##
#....####..#
##...##...##


You could see Crazy Yiuf.

Vanquished Creatures
  Terence (D:2)
  Robin (D:2)
  2 adders (D:2)
  A dart slug (D:2)
  6 ball pythons
  3 bats
  2 endoplasms (D:2)
  13 goblins
  4 hobgoblins
  3 kobolds
  A quokka (D:1)
  3 frilled lizards
  A rat (D:2)
41 creatures vanquished.

Notes
Turn   | Place    | Note
-------+----------+-------------------------------------------
     0 | D:1      | protoss039 the Demonspawn Earth Elementalist began the
                  | quest for the Orb.
     0 | D:1      | Reached XP level 1. HP: 13/13 MP: 3/3
   370 | D:1      | Gained mutation: You are partially covered in sharp spines.
                  | [demonic ancestry]
   370 | D:1      | Reached XP level 2. HP: 15/20 MP: 0/5
   706 | D:1      | Learned a level 2 spell: Passwall
   719 | D:2      | Reached skill level 1 in Fighting
   941 | D:2      | Noticed Robin
   945 | D:2      | Gained mutation: Your touch may inflict minor irresistible
                  | damage on your foes. [demonic ancestry]
   945 | D:2      | Reached XP level 3. HP: 25/26 MP: 4/6
   952 | D:2      | Killed Robin
  1237 | D:2      | Noticed Terence
  1278 | D:2      | Killed Terence
  1279 | D:2      | Gained mutation: You are mostly covered in sharp spines.
                  | [demonic ancestry]
  1279 | D:2      | Reached XP level 4. HP: 33/33 MP: 8/8
  1697 | D:2      | Found a runed translucent door.
  1698 | D:2      | Noticed Crazy Yiuf
  1705 | D:2      | HP: 1/33 [poisoned by Crazy Yiuf]
  1705 | D:2      | Slain by Crazy Yiuf

Illustrated notes

Levels and vault maps discovered:
D:1:      dpeg_chamrin_arrival_tetris, layout_basic, minmay_misc_feat_ornament
D:2:      layout_basic, minmay_tetromino_s4, uniq_terence, uniq_robin,
          uniq_crazy_yiuf_cottage

Skill      XL: |  1  2  3  4 |
---------------+-------------+-----
Fighting       | 1 2 |  2.2
Earth Magic    | 3 |  3.5
Spellcasting   | 3 |  3.0
Dodging        | |  1.7
Stealth        | |  1.7
Transmutations | |  0.8

Action                   |  1- 3 |  4- 6 || total
-------------------------+-------+-------++-------
Melee: Club              |     4 |       ||     4
       Dagger            |     9 |       ||     9
       Touch             |     2 |       ||     2
       Hand axe          |       |     7 ||     7
 Cast: Sandblast         |    29 |     3 ||    32
 Stab: Sleeping          |       |     2 ||     2
Armor: Robe              |     2 |       ||     2
       Leather armour    |     3 |     1 ||     4
Dodge: Dodged            |    16 |     5 ||    21
